[Event "GambitGuide"]
[Site "Internet Chess Club"]
[Date "2014.10.31"]
[Round "1"]
[White "JSBach"]
[Black "MichaelAngelo"]
[Result "1-0"]
[ICCResult "Black resigns"]
[WhiteElo "1605"]
[BlackElo "1516"]
[Opening "Vienna: `Frankenstein-Dracula' variation"]
[ECO "C27"]
[NIC "VG.02"]
[Time "04:29:31"]
[TimeControl "120+12"]

1. e4 e5 2. Nc3 Nf6 3. Bc4 Nxe4 4. Qh5 Nd6 5. Bb3 Nc6 6. Nb5 g6 7. Qf3 f5 8.
Qd5 Qe7 9. Nxc7+ Kd8 10. Nxa8 b6 11. Ba4 Bb7 12. Nxb6 axb6 13. Qb3 Kc7 14.
Ne2 Nd4 15. Nxd4 exd4+ 16. Kf1 Qe4 17. f3 Qd5 18. Qb4 Ne4 19. fxe4 fxe4 20.
Qb3 Qf5+ 21. Ke1 Bd6 22. Rf1 Qh5 23. Qc4+ Kb8 24. Qxd4 Bxh2 25. Qxh8+ Ka7
26. Qc3 Bg3+ 27. Qxg3 {Black resigns} 1-0

[Event "GambitGuide"]
[Site "Internet Chess Club"]
[Date "2014.10.31"]
[Round "1"]
[White "JSBach"]
[Black "Steenmads"]
[Result "1-0"]
[ICCResult "Black resigns"]
[WhiteElo "1605"]
[BlackElo "1727"]
[Opening "Vienna: `Frankenstein-Dracula' variation"]
[ECO "C27"]
[NIC "VG.02"]
[Time "04:29:23"]
[TimeControl "120+12"]

1. e4 e5 2. Nc3 Nf6 3. Bc4 Nxe4 4. Qh5 Nd6 5. Bb3 Nc6 6. Nb5 g6 7. Qf3 f5 8.
Qd5 Qe7 9. Nxc7+ Kd8 10. Nxa8 b6 11. Ba4 Bb7 12. Nxb6 axb6 13. Qb3 Ke8 14.
Qxb6 Bh6 15. Bxc6 Bxc6 16. Qb8+ {Black resigns} 1-0

[Event "GambitGuide"]
[Site "Internet Chess Club"]
[Date "2014.10.31"]
[Round "1"]
[White "JSBach"]
[Black "MichaelAngelo"]
[Result "1-0"]
[ICCResult "Black resigns"]
[WhiteElo "1605"]
[BlackElo "1516"]
[Opening "Vienna: `Frankenstein-Dracula' variation"]
[ECO "C27"]
[NIC "VG.02"]
[Time "04:30:34"]
[TimeControl "120+12"]

1. e4 e5 2. Nc3 Nf6 3. Bc4 Nxe4 4. Qh5 Nd6 5. Bb3 Nc6 6. Nb5 g6 7. Qf3 f5 8.
Qd5 Qe7 9. Nxc7+ Kd8 10. Nxa8 b6 11. Ba4 Bb7 12. Nxb6 axb6 13. Qb3 Kc7 14.
Ne2 Nd4 15. Nxd4 exd4+ 16. Kf1 Ne4 17. f3 Nc5 18. Qc4 Qd6 19. b4 Ba6 20. Bb5
Bxb5 21. Qxb5 Ne6 22. Ba3 Nf4 23. Kf2 d3 24. Bb2 dxc2 25. Qc4+ Kb7 26. Kg1
Qxd2 27. Qf1 Ne2+ 28. Kf2 Nd4+ 29. Kg1 Qe3+ 30. Qf2 Qxf2+ 31. Kxf2 Bg7 32.
Rac1 Rc8 33. Rhe1 Bf6 34. Re3 Rc6 35. Rd3 Rd6 36. Kf1 Kc7 37. Bxd4 Bxd4 38.
Rxc2+ Kb7 39. Rcd2 {Black resigns} 1-0

[Event "GambitGuide"]
[Site "Internet Chess Club"]
[Date "2014.10.31"]
[Round "1"]
[White "JSBach"]
[Black "xanax"]
[Result "1-0"]
[ICCResult "Black resigns"]
[WhiteElo "1605"]
[BlackElo "1899"]
[Opening "Vienna: `Frankenstein-Dracula' variation"]
[ECO "C27"]
[NIC "VG.02"]
[Time "04:29:37"]
[TimeControl "120+12"]

1. e4 e5 2. Nc3 Nf6 3. Bc4 Nxe4 4. Qh5 Nd6 5. Bb3 Nc6 6. Nb5 g6 7. Qf3 f5 8.
Qd5 Qe7 9. Nxc7+ Kd8 10. Nxa8 b6 11. Ba4 Bb7 12. Nxb6 axb6 13. Qb3 Nc8 14.
Ne2 Bg7 15. Bb5 Re8 16. Qf3 e4 17. Qf4 Ne5 18. O-O Bd5 19. Nc3 Be6 20. Re1
g5 21. Qe3 Rf8 22. d3 d5 23. Qxg5 Bf6 24. Qf4 Ng6 25. Qh6 Nd6 26. Ba4 d4 27.
Nb5 Nxb5 28. Bxb5 Bd5 29. Bd2 Rg8 30. Ba6 Nh4 31. Bg5 Nf3+ 32. gxf3 Rxg5+
33. Kf1 Rg6 34. Qf4 Be5 35. Qxf5 Ke8 36. f4 Bd6 37. Qxd5 exd3 38. Bxd3
{Black resigns}
1-0

[Event "GambitGuide"]
[Site "Internet Chess Club"]
[Date "2014.10.31"]
[Round "1"]
[White "JSBach"]
[Black "MichaelAngelo"]
[Result "1-0"]
[ICCResult "Black resigns"]
[WhiteElo "1605"]
[BlackElo "1516"]
[Opening "Vienna: `Frankenstein-Dracula' variation"]
[ECO "C27"]
[NIC "VG.02"]
[Time "04:32:16"]
[TimeControl "120+12"]

1. e4 e5 2. Nc3 Nf6 3. Bc4 Nxe4 4. Qh5 Nd6 5. Bb3 Nc6 6. Nb5 g6 7. Qf3 f5 8.
Qd5 Qe7 9. Nxc7+ Kd8 10. Nxa8 b6 11. Ba4 Bb7 12. Nxb6 axb6 13. Qb3 Kc7 14.
Ne2 Nd4 15. Nxd4 exd4+ 16. Kf1 Ne4 17. f3 Nc5 18. Qc4 d3 19. cxd3 Ba6 20.
Bb5 Bxb5 21. Qxb5 Qd6 22. Ke2 Bg7 23. Kd1 Nxd3 24. Kc2 Nb4+ 25. Kb3 Nc6 26.
Qc4 Kb7 27. Kc2 Nd4+ 28. Kd1 Re8 29. Qf7 Re7 30. Qc4 Qe5 31. Rb1 Re6 32. h4
Rc6 33. Qf1 Qd5 34. Qd3 Qxa2 35. Re1 Qa4+ 36. b3 Qb4 37. Bb2 Qc5 38. Rc1 Qd6
39. Rc4 Nb5 40. Qxd6 Rxd6 41. Bxg7 {Black resigns} 1-0

[Event "GambitGuide"]
[Site "Internet Chess Club"]
[Date "2014.10.31"]
[Round "1"]
[White "JSBach"]
[Black "MichaelAngelo"]
[Result "1-0"]
[ICCResult "Black resigns"]
[WhiteElo "1605"]
[BlackElo "1516"]
[Opening "Vienna: `Frankenstein-Dracula' variation"]
[ECO "C27"]
[NIC "VG.02"]
[Time "04:33:55"]
[TimeControl "120+12"]

1. e4 e5 2. Nc3 Nf6 3. Bc4 Nxe4 4. Qh5 Nd6 5. Bb3 Nc6 6. Nb5 g6 7. Qf3 f5 8.
Qd5 Qe7 9. Nxc7+ Kd8 10. Nxa8 b6 11. Ba4 Bb7 12. Nxb6 axb6 13. Qb3 Kc7 14.
Ne2 Nd4 15. Nxd4 exd4+ 16. Kf1 Ne4 17. d3 Nc5 18. Qc4 Qd6 19. b4 Qe5 20.
bxc5 bxc5 21. Rb1 Bd6 22. Qb5 Bc6 23. Qb6+ Kc8 24. Bxc6 dxc6 25. Qb7+ Kd8
26. Bg5+ Ke8 27. Re1 Qxe1+ 28. Kxe1 {Black resigns} 1-0

[Event "GambitGuide"]
[Site "Internet Chess Club"]
[Date "2014.10.31"]
[Round "1"]
[White "JSBach"]
[Black "MichaelAngelo"]
[Result "1-0"]
[ICCResult "Black resigns"]
[WhiteElo "1605"]
[BlackElo "1516"]
[Opening "Vienna: `Frankenstein-Dracula' variation"]
[ECO "C27"]
[NIC "VG.02"]
[Time "04:34:42"]
[TimeControl "120+12"]

1. e4 e5 2. Nc3 Nf6 3. Bc4 Nxe4 4. Qh5 Nd6 5. Bb3 Nc6 6. Nb5 g6 7. Qf3 f5 8.
Qd5 Qe7 9. Nxc7+ Kd8 10. Nxa8 b6 11. Ba4 Bb7 12. Nxb6 axb6 13. Qb3 Kc7 14.
Ne2 Nd4 15. Nxd4 exd4+ 16. Kf1 Ne4 17. d3 Nc5 18. Qc4 Bc6 19. Qxd4 Nxa4 20.
Qxh8 Qd6 21. Qxh7 Qd5 22. Qxg6 Bd6 23. f3 Nc5 24. Qe8 Ne6 25. Qf7 Bc5 26.
Ke1 Qe5+ 27. Kd1 Bf2 28. Qe7 Be3 29. Bxe3 Qxe3 30. Re1 Qf2 31. Rxe6 Qf1+ 32.
Re1 Bxf3+ 33. gxf3 Qxf3+ 34. Qe2 Qf4 35. Qe5+ Qxe5 36. Rxe5 {Black resigns}
1-0

[Event "GambitGuide"]
[Site "Internet Chess Club"]
[Date "2014.10.31"]
[Round "1"]
[White "JSBach"]
[Black "MichaelAngelo"]
[Result "1-0"]
[ICCResult "Black resigns"]
[WhiteElo "1605"]
[BlackElo "1516"]
[Opening "Vienna: `Frankenstein-Dracula' variation"]
[ECO "C27"]
[NIC "VG.02"]
[Time "04:35:58"]
[TimeControl "120+12"]

1. e4 e5 2. Nc3 Nf6 3. Bc4 Nxe4 4. Qh5 Nd6 5. Bb3 Nc6 6. Nb5 g6 7. Qf3 f5 8.
Qd5 Qe7 9. Nxc7+ Kd8 10. Nxa8 b6 11. Ba4 Bb7 12. Nxb6 axb6 13. Qb3 Kc7 14.
Ne2 Ne4 15. Qb5 Nc5 16. O-O Nxa4 17. Qxa4 Qg5 18. d4 Nxd4 19. Qc4+ Kb8 20.
Bxg5 {Black resigns} 1-0

[Event "GambitGuide"]
[Site "Internet Chess Club"]
[Date "2014.10.31"]
[Round "1"]
[White "JSBach"]
[Black "jojonini"]
[Result "1-0"]
[ICCResult "Black resigns"]
[WhiteElo "1605"]
[BlackElo "1383"]
[Opening "Vienna: `Frankenstein-Dracula' variation"]
[ECO "C27"]
[NIC "VG.02"]
[Time "04:35:20"]
[TimeControl "120+12"]

1. e4 e5 2. Nc3 Nf6 3. Bc4 Nxe4 4. Qh5 Nd6 5. Bb3 Nc6 6. Nb5 g6 7. Qf3 f5 8.
Qd5 Qe7 9. Nxc7+ Kd8 10. Nxa8 b6 11. Ba4 Bb7 12. Nxb6 axb6 13. Qb3 Kc7 14.
Ne2 Qe6 15. Qxe6 dxe6 16. d3 Bg7 17. c3 e4 18. d4 Nc4 19. Bb5 Nd6 20. Bf4 h6
21. Rd1 g5 22. Bxd6+ Kxd6 23. Rd2 Na5 24. Nc1 Bc6 25. Bxc6 Kxc6 26. b3 Rc8
27. Ne2 Kd6 28. h4 b5 29. Kd1 Nc6 30. a4 bxa4 31. bxa4 Rb8 32. Kc2 Na5 33.
hxg5 hxg5 34. Rb1 Rh8 35. Rb6+ Kc7 36. Rxe6 Nc4 37. Re7+ Kd6 38. Rxg7 Nxd2
39. Kxd2 g4 40. Ng3 Ke6 41. Rg6+ Kf7 42. Rg5 Kf6 43. Rxf5+ Kg6 44. Rf4 Ra8
45. Rxg4+ Kf7 46. Rxe4 Rxa4 47. d5 Ra2+ 48. Ke3 {Black resigns} 1-0

[Event "GambitGuide"]
[Site "Internet Chess Club"]
[Date "2014.10.31"]
[Round "1"]
[White "JSBach"]
[Black "MichaelAngelo"]
[Result "1-0"]
[ICCResult "Black resigns"]
[WhiteElo "1605"]
[BlackElo "1516"]
[Opening "Vienna: `Frankenstein-Dracula' variation"]
[ECO "C27"]
[NIC "VG.02"]
[Time "04:36:33"]
[TimeControl "120+12"]

1. e4 e5 2. Nc3 Nf6 3. Bc4 Nxe4 4. Qh5 Nd6 5. Bb3 Nc6 6. Nb5 g6 7. Qf3 f5 8.
Qd5 Qe7 9. Nxc7+ Kd8 10. Nxa8 b6 11. Ba4 Bb7 12. Nxb6 Kc7 13. Nc4 Nd4 14.
Qa5+ Kb8 15. Nxd6 Qxd6 16. Qd8+ Bc8 17. f3 Bg7 18. Qa5 e4 19. c3 Nc6 20.
Qb5+ Ka8 21. Bb3 Bb7 22. Bd5 Rb8 23. fxe4 fxe4 24. Bxe4 Ne5 25. Qa4 Qe6 26.
Ne2 Bxe4 27. Qxe4+ Rb7 28. O-O Ng4 29. Qxe6 dxe6 30. h3 Ne5 31. Nf4
{Black resigns}
1-0

[Event "GambitGuide"]
[Site "Internet Chess Club"]
[Date "2014.10.31"]
[Round "1"]
[White "JSBach"]
[Black "MichaelAngelo"]
[Result "1-0"]
[ICCResult "Black resigns"]
[WhiteElo "1605"]
[BlackElo "1516"]
[Opening "Vienna: `Frankenstein-Dracula' variation"]
[ECO "C27"]
[NIC "VG.02"]
[Time "04:37:53"]
[TimeControl "120+12"]

1. e4 e5 2. Nc3 Nf6 3. Bc4 Nxe4 4. Qh5 Nd6 5. Bb3 Nc6 6. Nb5 g6 7. Qf3 f5 8.
Qd5 Qe7 9. Nxc7+ Kd8 10. Nxa8 b6 11. Ba4 Bb7 12. Nxb6 axb6 13. Qb3 Kc7 14.
Ne2 Bh6 15. Nc3 Nd4 16. Nd5+ Bxd5 17. Qxd5 b5 18. Bb3 Nxb3 19. axb3 Rb8 20.
O-O f4 21. Re1 Bg7 22. d4 e4 23. Bxf4 Rb6 24. Ra7+ Kd8 25. Qa8+ Nc8 26. Bc7+
Ke8 27. Qxc8+ Kf7 28. Bxb6 {Black resigns} 1-0

[Event "GambitGuide"]
[Site "Internet Chess Club"]
[Date "2014.10.31"]
[Round "1"]
[White "JSBach"]
[Black "Skendraktig"]
[Result "1-0"]
[ICCResult "Black resigns"]
[WhiteElo "1605"]
[BlackElo "2028"]
[Opening "Vienna: `Frankenstein-Dracula' variation"]
[ECO "C27"]
[NIC "VG.02"]
[Time "04:32:55"]
[TimeControl "120+12"]

1. e4 e5 2. Nc3 Nf6 3. Bc4 Nxe4 4. Qh5 Nd6 5. Bb3 Nc6 6. Nb5 g6 7. Qf3 f5 8.
Qd5 Qe7 9. Nxc7+ Kd8 10. Nxa8 b6 11. Ba4 Bb7 12. Nxb6 axb6 13. Qb3 Kc7 14.
Ne2 Ba6 15. Nc3 Bc4 16. Nd5+ Bxd5 17. Qxd5 e4 18. a3 Bg7 19. Rb1 Ne5 20. Bb3
f4 21. d4 exd3 22. O-O dxc2 23. Bxc2 g5 24. Rd1 h5 25. h4 Bf6 26. hxg5 Bxg5
27. Rd4 Rf8 28. g3 Nc6 29. Rd1 h4 30. gxf4 Bxf4 31. Bxf4 Rxf4 32. Rbc1 Qf6
33. Rd3 Rxf2 34. Qxd6+ Qxd6 35. Rxd6 Rxc2 36. Rxd7+ Kxd7 37. Rxc2 Kd6 38.
Rh2 Ne5 39. Rh3 Kc5 40. Kf2 Ng6 41. Rc3+ Kd4 42. Rc6 Nf4 43. Rxb6 h3 44.
Rb4+ Ke5 45. Kg3 Nd3 46. Rb5+ Kd4 47. b3 Kc3 48. Kxh3 Nc1 49. Rc5+ Kb2 50.
Rxc1 Kxc1 51. a4 {Black resigns} 1-0

[Event "GambitGuide"]
[Site "Internet Chess Club"]
[Date "2014.10.31"]
[Round "1"]
[White "JSBach"]
[Black "MichaelAngelo"]
[Result "1-0"]
[ICCResult "Black resigns"]
[WhiteElo "1605"]
[BlackElo "1516"]
[Opening "Vienna: `Frankenstein-Dracula' variation"]
[ECO "C27"]
[NIC "VG.02"]
[Time "04:38:43"]
[TimeControl "120+12"]

1. e4 e5 2. Nc3 Nf6 3. Bc4 Nxe4 4. Qh5 Nd6 5. Bb3 Nc6 6. Nb5 g6 7. Qf3 f5 8.
Qd5 Qe7 9. Nxc7+ Kd8 10. Nxa8 b6 11. Ba4 Bb7 12. Nxb6 axb6 13. Qb3 Kc7 14.
Ne2 Nd4 15. Nxd4 exd4+ 16. Kf1 Qe4 17. f3 Qh4 18. Qb4 Ne4 19. Qc4+ Nc5 20.
Bb5 Bd6 21. b4 Re8 22. Ba3 d3 23. Qxh4 {Black resigns} 1-0

[Event "GambitGuide"]
[Site "Internet Chess Club"]
[Date "2014.10.31"]
[Round "1"]
[White "JSBach"]
[Black "MichaelAngelo"]
[Result "1-0"]
[ICCResult "Black checkmated"]
[WhiteElo "1605"]
[BlackElo "1516"]
[Opening "Vienna: `Frankenstein-Dracula' variation"]
[ECO "C27"]
[NIC "VG.02"]
[Time "04:39:52"]
[TimeControl "120+12"]

1. e4 e5 2. Nc3 Nf6 3. Bc4 Nxe4 4. Qh5 Nd6 5. Bb3 Nc6 6. Nb5 g6 7. Qf3 f5 8.
Qd5 Qe7 9. Nxc7+ Kd8 10. Nxa8 b6 11. Ba4 Bb7 12. Nxb6 axb6 13. Qb3 Kc7 14.
Ne2 Nd4 15. Nxd4 exd4+ 16. Kf1 Bxg2+ 17. Kxg2 Qe4+ 18. Qf3 Qh4 19. Re1 Bh6
20. Qg3 Qh5 21. Re7 f4 22. Rxd7+ Kb8 23. Qf3 Qg5+ 24. Kh1 Rc8 25. Rxd6 Rxc2
26. Rxb6+ Kc8 27. Qb7+ Kd8 28. Rd6# {Black checkmated} 1-0

[Event "GambitGuide"]
[Site "Internet Chess Club"]
[Date "2014.10.30"]
[Round "1"]
[White "JSBach"]
[Black "regolus"]
[Result "1-0"]
[ICCResult "Black resigns"]
[WhiteElo "1605"]
[BlackElo "1683"]
[Opening "Vienna: `Frankenstein-Dracula' variation"]
[ECO "C27"]
[NIC "VG.02"]
[Time "20:50:11"]
[TimeControl "120+12"]

1. e4 e5 2. Nc3 Nf6 3. Bc4 Nxe4 4. Qh5 Nd6 5. Bb3 Nc6 6. Nb5 g6 7. Qf3 f5 8.
Qd5 Qe7 9. Nxc7+ Kd8 10. Nxa8 b6 11. Ba4 Bb7 12. Nxb6 axb6 13. Qb3 b5 14.
Ne2 bxa4 15. Qxa4 Bg7 16. d3 Kc7 17. Nc3 Ra8 18. Qxa8 Bxa8 19. Nd5+ Kd8 20.
Nxe7 Kxe7 21. a4 Nd4 22. Bg5+ Bf6 23. Bxf6+ Kxf6 24. O-O Nxc2 25. Rac1 Nb4
26. Rfd1 Ke6 27. a5 Bb7 28. h4 Ba6 29. Rc3 Kd5 30. Rc7 Bb5 31. Rc3 Na2 32.
Rc7 Nb4 33. Rc3 f4 34. g3 Nf5 35. Kh2 h6 36. Kh3 g5 37. Kg4 Ke6 38. hxg5
fxg3 39. gxh6 Nxh6+ 40. Kxg3 Nf5+ 41. Kg4 Nd5 42. Rcc1 Nf6+ 43. Kg5 d5 44.
b4 e4 45. d4 Nd7 46. a6 {Black resigns} 1-0

[Event "GambitGuide"]
[Site "Internet Chess Club"]
[Date "2014.10.31"]
[Round "1"]
[White "JSBach"]
[Black "ClubberLang"]
[Result "1-0"]
[ICCResult "Black resigns"]
[WhiteElo "1605"]
[BlackElo "1684"]
[Opening "Vienna: `Frankenstein-Dracula' variation"]
[ECO "C27"]
[NIC "VG.02"]
[Time "04:42:28"]
[TimeControl "120+12"]

1. e4 e5 2. Nc3 Nf6 3. Bc4 Nxe4 4. Qh5 Nd6 5. Bb3 Nc6 6. Nb5 g6 7. Qf3 f5 8.
Qd5 Qe7 9. Nxc7+ Kd8 10. Nxa8 b6 11. Ba4 Bb7 12. Nxb6 axb6 13. Qb3 Nd4 14.
Qxb6+ Kc8 15. Kf1 Nc4 16. Qa7 Bg7 17. d3 Nd6 18. Bd2 e4 19. Re1 Kc7 20. Qc5+
Bc6 21. Bf4 Rb8 22. b4 Ra8 23. b5 Rxa4 24. Bxd6+ Qxd6 25. b6+ {Black
resigns} 1-0

[Event "GambitGuide"]
[Site "Internet Chess Club"]
[Date "2014.10.31"]
[Round "1"]
[White "JSBach"]
[Black "matty2000"]
[Result "0-1"]
[ICCResult "White checkmated"]
[WhiteElo "1605"]
[BlackElo "1747"]
[Opening "Vienna: `Frankenstein-Dracula' variation"]
[ECO "C27"]
[NIC "VG.02"]
[Time "04:42:30"]
[TimeControl "120+12"]

1. e4 e5 2. Nc3 Nf6 3. Bc4 Nxe4 4. Qh5 Nd6 5. Bb3 Nc6 6. Nb5 g6 7. Qf3 f5 8.
Qd5 Qe7 9. Nxc7+ Kd8 10. Nxa8 b6 11. Ba4 Bb7 12. Nxb6 axb6 13. Qb3 b5 14.
Nf3 bxa4 15. Qxa4 Bg7 16. O-O e4 17. Ne1 h5 18. d3 h4 19. dxe4 Qxe4 20. Qa3
Nb5 21. Qc5 Nbd4 22. Qb6+ Kc8 23. f3 Ne2+ 24. Kh1 Qe6 25. Bg5 h3 26. g3 Bd4
27. Qb5 Qe5 28. Qxe5 Nxe5 29. c3 Bb6 30. Rd1 Rh5 31. Bf6 Nc4 32. Nc2 g5 33.
b4 g4 34. Rd3 gxf3 35. Ne1 f2+ 36. Nf3 Nd2 37. g4 Nxf3 38. Rxd7 Kxd7 39.
Rxf2 Bxf2 40. gxh5 Ne1# {White checkmated} 0-1

[Event "GambitGuide"]
[Site "Internet Chess Club"]
[Date "2014.10.31"]
[Round "1"]
[White "JSBach"]
[Black "Skendraktig"]
[Result "1-0"]
[ICCResult "Black resigns"]
[WhiteElo "1605"]
[BlackElo "2028"]
[Opening "Vienna: `Frankenstein-Dracula' variation"]
[ECO "C27"]
[NIC "VG.02"]
[Time "04:40:17"]
[TimeControl "120+12"]

1. e4 e5 2. Nc3 Nf6 3. Bc4 Nxe4 4. Qh5 Nd6 5. Bb3 Nc6 6. Nb5 g6 7. Qf3 f5 8.
Qd5 Qe7 9. Nxc7+ Kd8 10. Nxa8 b6 11. Ba4 Bb7 12. Nxb6 axb6 13. Qb3 b5 14.
Ne2 bxa4 15. Qxa4 Bg7 16. O-O f4 17. Re1 Qg5 18. d4 Nxd4 19. Ng3 Qf6 20. Nf1
Nc6 21. Bd2 Kc8 22. Rad1 Re8 23. Bc3 g5 24. Nd2 Qf5 25. Nb3 Qxc2 26. Rxd6
Bf8 27. Rxd7 {Black resigns} 1-0

[Event "GambitGuide"]
[Site "Internet Chess Club"]
[Date "2014.10.31"]
[Round "1"]
[White "JSBach"]
[Black "ClubberLang"]
[Result "1-0"]
[ICCResult "Black resigns"]
[WhiteElo "1605"]
[BlackElo "1684"]
[Opening "Vienna: `Frankenstein-Dracula' variation"]
[ECO "C27"]
[NIC "VG.02"]
[Time "04:44:17"]
[TimeControl "120+12"]

1. e4 e5 2. Nc3 Nf6 3. Bc4 Nxe4 4. Qh5 Nd6 5. Bb3 Nc6 6. Nb5 g6 7. Qf3 f5 8.
Qd5 Qe7 9. Nxc7+ Kd8 10. Nxa8 b6 11. Ba4 Nb4 12. Qb3 Ne4 13. d3 Nc5 14. Qc4
Nxa4 15. Qc7+ Ke8 16. Qxc8+ Kf7 17. a3 Bg7 18. Qc4+ Kf6 19. axb4 Rxa8 20.
Rxa4 {Black resigns} 1-0

[Event "GambitGuide"]
[Site "Internet Chess Club"]
[Date "2014.10.31"]
[Round "1"]
[White "JSBach"]
[Black "ClubberLang"]
[Result "1-0"]
[ICCResult "Black resigns"]
[WhiteElo "1605"]
[BlackElo "1684"]
[Opening "Vienna: `Frankenstein-Dracula' variation"]
[ECO "C27"]
[NIC "VG.02"]
[Time "04:45:53"]
[TimeControl "120+12"]

1. e4 e5 2. Nc3 Nf6 3. Bc4 Nxe4 4. Qh5 Nd6 5. Bb3 Nc6 6. Nb5 g6 7. Qf3 f5 8.
Qd5 Qe7 9. Nxc7+ Kd8 10. Nxa8 b6 11. Ba4 Bb7 12. Nxb6 axb6 13. Qb3 Nc8 14.
Nf3 e4 15. Ng1 Qe6 16. Qxe6 dxe6 17. Ne2 Ba6 18. Bxc6 {Black resigns} 1-0

[Event "GambitGuide"]
[Site "Internet Chess Club"]
[Date "2014.10.31"]
[Round "1"]
[White "JSBach"]
[Black "MichaelAngelo"]
[Result "0-1"]
[ICCResult "White checkmated"]
[WhiteElo "1605"]
[BlackElo "1516"]
[Opening "Vienna: `Frankenstein-Dracula' variation"]
[ECO "C27"]
[NIC "VG.02"]
[Time "04:47:24"]
[TimeControl "120+12"]

1. e4 e5 2. Nc3 Nf6 3. Bc4 Nxe4 4. Qh5 Nd6 5. Bb3 Nc6 6. Nb5 g6 7. Qf3 f5 8.
Qd5 Qe7 9. Nxc7+ Kd8 10. Nxa8 b6 11. Ba4 Bb7 12. Nxb6 axb6 13. Qb3 Kc7 14.
Ne2 Nd4 15. Nxd4 exd4+ 16. Kf1 Bh6 17. Qb4 Re8 18. Qxd6+ Qxd6 19. Bb3 Qe5
20. Be6 Qxe6 21. a4 Qe1# {White checkmated} 0-1

[Event "GambitGuide"]
[Site "Internet Chess Club"]
[Date "2014.10.31"]
[Round "1"]
[White "JSBach"]
[Black "regolus"]
[Result "0-1"]
[ICCResult "White checkmated"]
[WhiteElo "1605"]
[BlackElo "1683"]
[Opening "Vienna: `Frankenstein-Dracula' variation"]
[ECO "C27"]
[NIC "VG.02"]
[Time "04:43:22"]
[TimeControl "120+12"]

1. e4 e5 2. Nc3 Nf6 3. Bc4 Nxe4 4. Qh5 Nd6 5. Bb3 Nc6 6. Nb5 g6 7. Qf3 f5 8.
Qd5 Qe7 9. Nxc7+ Kd8 10. Nxa8 b6 11. Ba4 Bb7 12. Nxb6 axb6 13. Qb3 b5 14.
Nf3 bxa4 15. Qxa4 Bg7 16. O-O g5 17. d3 g4 18. Bg5 Bf6 19. Bxf6 Qxf6 20. Nd2
h5 21. Rfe1 h4 22. Qb3 Kc7 23. Qd5 h3 24. g3 Nf7 25. Nc4 Ng5 26. Nxe5 Nxe5
27. Qc5+ Kb8 28. Rec1 Ngf3+ 29. Kh1 Nd4+ 30. Kg1 Ne2+ 31. Kf1 Nxc1 32. Rxc1
Re8 33. Qb4 Nf3 34. Qb5 Qe6 35. d4 Qe1+ 36. Rxe1 Rxe1# {White checkmated}
0-1

[Event "GambitGuide"]
[Site "Internet Chess Club"]
[Date "2014.10.31"]
[Round "1"]
[White "JSBach"]
[Black "MichaelAngelo"]
[Result "0-1"]
[ICCResult "White checkmated"]
[WhiteElo "1605"]
[BlackElo "1516"]
[Opening "Vienna: `Frankenstein-Dracula' variation"]
[ECO "C27"]
[NIC "VG.02"]
[Time "04:48:05"]
[TimeControl "120+12"]

1. e4 e5 2. Nc3 Nf6 3. Bc4 Nxe4 4. Qh5 Nd6 5. Bb3 Nc6 6. Nb5 g6 7. Qf3 f5 8.
Qd5 Qe7 9. Nxc7+ Kd8 10. Nxa8 b6 11. Ba4 Bb7 12. Nxb6 axb6 13. Qb3 Kc7 14.
Ne2 Nd4 15. Nxd4 exd4+ 16. Kf1 Bh6 17. Qb4 Re8 18. Qxd6+ Qxd6 19. Bb3 Qe5
20. Be6 Rxe6 21. f3 Qe1# {White checkmated} 0-1

[Event "GambitGuide"]
[Site "Internet Chess Club"]
[Date "2014.10.31"]
[Round "1"]
[White "JSBach"]
[Black "ClubberLang"]
[Result "1-0"]
[ICCResult "Black resigns"]
[WhiteElo "1605"]
[BlackElo "1684"]
[Opening "Vienna: `Frankenstein-Dracula' variation"]
[ECO "C27"]
[NIC "VG.02"]
[Time "04:46:49"]
[TimeControl "120+12"]

1. e4 e5 2. Nc3 Nf6 3. Bc4 Nxe4 4. Qh5 Nd6 5. Bb3 Nc6 6. Nb5 g6 7. Qf3 f5 8.
Qd5 Qe7 9. Nxc7+ Kd8 10. Nxa8 b6 11. Ba4 Bb7 12. Nxb6 axb6 13. Qb3 b5 14.
Nf3 bxa4 15. Qxa4 Kc7 16. d3 Bg7 17. Bg5 Bf6 18. Be3 Nd4 19. Qa5+ Kb8 20.
Bxd4 exd4+ 21. Kd1 Bxf3+ 22. gxf3 Qd8 23. Qa6 Qc7 24. Re1 Re8 25. Rxe8+ Nxe8
26. Qa4 Qb7 27. Kc1 Nc7 28. Qxd7 Qxf3 29. b3 Qxf2 30. Qxh7 Qe3+ 31. Kb2 Qg5
32. Qd7 f4 33. Re1 f3 34. Qd6 f2 35. Rf1 Qe5 36. Qxe5 Bxe5 37. Rxf2 Nd5 38.
a4 Nc3 39. Ka3 Bd6+ 40. b4 Nd5 41. Kb3 Bxb4 42. Kc4 Ne3+ 43. Kxb4 Nxc2+ 44.
Rxc2 {Black resigns} 1-0

[Event "GambitGuide"]
[Site "Internet Chess Club"]
[Date "2014.10.31"]
[Round "1"]
[White "JSBach"]
[Black "ClubberLang"]
[Result "1-0"]
[ICCResult "Black resigns"]
[WhiteElo "1605"]
[BlackElo "1684"]
[Opening "Vienna: `Frankenstein-Dracula' variation"]
[ECO "C27"]
[NIC "VG.02"]
[Time "04:50:23"]
[TimeControl "120+12"]

1. e4 e5 2. Nc3 Nf6 3. Bc4 Nxe4 4. Qh5 Nd6 5. Bb3 Nc6 6. Nb5 g6 7. Qf3 f5 8.
Qd5 Qe7 9. Nxc7+ Kd8 10. Nxa8 b6 11. Ba4 Bb7 12. Nxb6 axb6 13. Qb3 Kc7 14.
Ne2 Na5 15. Qg3 Ba6 16. Nc3 Bg7 17. Nd5+ {Black resigns} 1-0

[Event "GambitGuide"]
[Site "Internet Chess Club"]
[Date "2014.10.31"]
[Round "1"]
[White "JSBach"]
[Black "ClubberLang"]
[Result "1-0"]
[ICCResult "Black resigns"]
[WhiteElo "1605"]
[BlackElo "1684"]
[Opening "Vienna: `Frankenstein-Dracula' variation"]
[ECO "C27"]
[NIC "VG.02"]
[Time "04:51:24"]
[TimeControl "120+12"]

1. e4 e5 2. Nc3 Nf6 3. Bc4 Nxe4 4. Qh5 Nd6 5. Bb3 Nc6 6. Nb5 g6 7. Qf3 f5 8.
Qd5 Qe7 9. Nxc7+ Kd8 10. Nxa8 b6 11. Ba4 Bb7 12. Nxb6 axb6 13. Qb3 Kc7 14.
Ne2 Ba6 15. Nc3 Bc4 16. Nd5+ Bxd5 17. Qxd5 Qe6 18. Bxc6 {Black resigns} 1-0

[Event "GambitGuide"]
[Site "Internet Chess Club"]
[Date "2014.10.31"]
[Round "1"]
[White "JSBach"]
[Black "ClubberLang"]
[Result "1-0"]
[ICCResult "Black resigns"]
[WhiteElo "1605"]
[BlackElo "1684"]
[Opening "Vienna: `Frankenstein-Dracula' variation"]
[ECO "C27"]
[NIC "VG.02"]
[Time "04:52:45"]
[TimeControl "120+12"]

1. e4 e5 2. Nc3 Nf6 3. Bc4 Nxe4 4. Qh5 Nd6 5. Bb3 Nc6 6. Nb5 g6 7. Qf3 f5 8.
Qd5 Qe7 9. Nxc7+ Kd8 10. Nxa8 b6 11. Ba4 Bb7 12. Nxb6 axb6 13. Qb3 Kc7 14.
Ne2 Qg5 15. O-O Nd4 16. Qc3+ Kb8 17. Qh3 Nxe2+ 18. Kh1 Nf4 19. Qg3 Bxg2+ 20.
Kg1 Qxg3 21. hxg3 Bxf1 22. Kxf1 Nd5 23. Bxd7 Nb4 24. c3 Nc2 25. Rb1 Nc4 26.
Ba4 Na1 27. Rxa1 Bg7 28. d3 Nd6 29. Be3 Kb7 30. Bd7 Rd8 31. Be6 Nb5 32. Bc4
Nd6 33. Be6 e4 34. d4 Re8 35. Bd5+ Ka7 36. Bf4 Nb7 37. Rd1 Na5 38. Bf7 Re7
39. Bd5 h6 40. Ke2 g5 41. Be3 b5 42. b3 Rc7 43. Rc1 Bf8 44. c4 Ba3 45. Rc2
bxc4 46. bxc4 Bd6 47. c5 Be7 48. Be6 Bf6 49. Bxf5 Nc6 50. d5 Ne5 51. d6 Rc6
52. Bxe4 Ra6 53. c6+ Kb8 54. c7+ Kc8 55. Bb7+ {Black resigns} 1-0

[Event "GambitGuide"]
[Site "Internet Chess Club"]
[Date "2014.10.31"]
[Round "1"]
[White "JSBach"]
[Black "ClubberLang"]
[Result "1-0"]
[ICCResult "Black resigns"]
[WhiteElo "1605"]
[BlackElo "1684"]
[Opening "Vienna: `Frankenstein-Dracula' variation"]
[ECO "C27"]
[NIC "VG.02"]
[Time "04:56:26"]
[TimeControl "120+12"]

1. e4 e5 2. Nc3 Nf6 3. Bc4 Nxe4 4. Qh5 Nd6 5. Bb3 Nc6 6. Nb5 g6 7. Qf3 f5 8.
Qd5 Qe7 9. Nxc7+ Kd8 10. Nxa8 b6 11. Ba4 Bb7 12. Nxb6 axb6 13. Qb3 Bg7 14.
Qxb6+ Kc8 15. Bb3 Qg5 16. Bd5 Ne4 17. g3 f4 18. Bxe4 {Black resigns} 1-0